Map: Disco Bloodbath LE

Players

AGOElazer (Elazer)

  • Race: Zerg Zerg
  • League: Master
  • Spawn Location: 9:00

llllllllllll (Oliveira) - Winner!

  • Race: Terran Terran
  • League: Master
  • Spawn Location: 3:00

Event: HomeStory Cup XX

VOD

Have the link to the VOD?

Description

Time

  • Played on: Nov. 21, 2019, 9:21 a.m.
  • Length: 19:07

All games in this series

Show
View Real Time Build Order
Export as new Build Order

AGOElazer Zerg 

Build Orders: Hatch First, Lurkers, Roach Hydra 

Get SALT Encoding   

  12  0:00  Drone  
  13  0:12  Overlord  
  13  0:16  Drone  
  14  0:30  Drone x2  
  16  0:47  Hatchery  
  15  0:51  Drone  
  15  0:54  Drone  
  17  0:57  Drone  
  18  1:07  Extractor  
  17  1:13  Spawning Pool  
  17  1:15  Drone  
  17  1:19  Drone  
  18  1:27  Drone  
  19  1:38  Drone  
  20  1:50  Drone  
  21  2:00  Queen x2  
  26  2:01  Zergling x4  
  27  2:14  Hatchery  
  26  2:17  Overlord  
  26  2:21  Drone  
  27  2:23  Drone  
  28  2:32  Metabolic Boost  
  28  2:37  Drone x3  
  31  2:44  Queen  
  31  2:49  Overlord  
  33  2:51  Drone  
  33  2:54  Drone  
  33  2:57  Drone  
  36  3:08  Drone x5  
  41  3:17  Drone, Overlord  
  42  3:22  Queen  
  44  3:29  Queen  
  44  3:30  Drone  
  44  3:31  Drone  
  49  3:34  Drone  
  49  3:38  Drone x2  
  51  3:42  Zergling x2  
  51  3:44  Zergling x6  
  51  3:47  Overlord  
  55  3:48  Drone  
  55  3:53  Drone x2  
  58  4:04  Queen  
  58  4:05  Drone, Roach Warren  
  58  4:06  Drone x4  
  64  4:13  Overlord  
  64  4:14  Drone x2  
  65  4:21  Evolution Chamber  
  65  4:22  Drone  
  65  4:31  Drone x8  
  65  4:33  Evolution Chamber  
  65  4:37  Overlord  
  72  4:40  Extractor, Drone  
  72  4:41  Extractor, Drone x2  
  72  4:44  Overlord  
  73  4:47  Overlord  
  73  4:48  Zerg Ground Armor Level 1  
  73  4:50  Spore Crawler  
  73  4:51  Overlord  
  73  4:52  Extractor, Drone  
  73  4:53  Drone  
  73  4:55  Overlord  
  73  4:57  Roach  
  73  4:59  Roach x2  
  79  5:05  Roach  
  79  5:06  Roach  
  83  5:08  Roach  
  83  5:13  Extractor, Overlord  
  83  5:14  Roach x2  
  88  5:17  Roach  
  88  5:18  Roach  
  88  5:20  Overlord  
  92  5:21  Drone x3  
  92  5:22  Extractor  
  92  5:23  Drone  
  92  5:24  Drone  
  92  5:25  Drone  
  97  5:28  Lair  
  97  5:31  Drone  
  97  5:32  Drone  
  97  5:34  Drone  
  100  5:40  Drone  
  100  5:42  Zerg Missile Weapons Level 1  
  101  5:45  Hatchery  
  101  5:48  Roach x2  
  100  5:50  Drone  
  100  5:51  Overlord  
  100  5:54  Drone  
  100  5:55  Drone x3  
  105  5:58  Drone x2  
  105  6:01  Drone x3  
  110  6:07  Spore Crawler, Overlord  
  110  6:08  Ravager  
  110  6:12  Ravager  
  110  6:13  Ravager, Roach x2  
  116  6:19  Overlord  
  116  6:24  Roach x2  
  120  6:28  Roach x2  
  120  6:30  Glial Reconstitution  
  124  6:33  Hatchery  
  124  6:36  Hydralisk Den, Overlord  
  124  6:37  Roach  
  124  6:39  Overlord  
  124  6:44  Roach x3  
  130  6:47  Zerg Ground Armor Level 2  
  130  6:49  Drone  
  130  6:51  Drone x2  
  130  6:54  Drone x2  
  135  6:55  Drone x2  
  137  7:02  Infestation Pit, Overlord  
  137  7:04  Drone x3  
  137  7:07  Spore Crawler  
  137  7:09  Roach  
  137  7:10  Roach x2  
  140  7:16  Roach x4  
  140  7:19  Overlord  
  140  7:20  Extractor  
  140  7:22  Extractor, Drone x2  
  140  7:25  Drone x2  
  140  7:36  Roach x5  
  150  7:37  Extractor  
  150  7:41  Drone x6  
  150  7:43  Hive  
  155  7:48  Overlord  
  155  7:49  Drone  
  149  7:52  Drone  
  149  7:53  Drone x2  
  149  7:56  Muscular Augments  
  149  7:59  Drone  
  149  8:01  Lurker Den  
  149  8:02  Drone  
  149  8:03  Drone x2  
  154  8:05  Ravager x2  
  154  8:06  Ravager x2  
  154  8:07  Drone x3  
  154  8:12  Zerg Missile Weapons Level 2  
  159  8:13  Hydralisk x4  
  159  8:15  Overlord  
  159  8:17  Overlord  
  167  8:21  Hydralisk  
  167  8:22  Hydralisk  
  167  8:23  Spawning Pool, Hydralisk  
  172  8:28  Overlord  
  172  8:30  Hydralisk x3  
  172  8:33  Pneumatized Carapace  
  178  8:42  Hydralisk x2  
  178  8:44  Seismic Spines  
  182  8:49  Hydralisk  
  182  8:50  Hydralisk x2  
  188  9:07  Grooved Spines  
  188  9:08  Drone x6  
  188  9:09  Drone  
  195  9:10  Drone x3  
  195  9:12  Spore Crawler  
  195  9:13  Hatchery, Spore Crawler, Spine Crawler  
  195  9:14  Extractor, Spine Crawler  
  192  9:19  Hatchery  
  192  9:20  Spore Crawler  
  192  9:21  Extractor  
  192  9:22  Lurker x2, Spore Crawler x2  
  192  9:23  Lurker  
  191  9:24  Lurker  
  191  9:30  Lurker x2  
  191  9:31  Spore Crawler  
  192  9:32  Spine Crawler x2  
  192  9:33  Drone x3  
  192  9:34  Drone x3  
  196  9:41  Spore Crawler, Hydralisk x2  
  196  9:43  Spore Crawler  
  192  9:55  Hydralisk  
  192  9:56  Hydralisk x6  
  172  10:05  Lurker x2, Viper  
  175  10:10  Overlord  
  175  10:11  Drone x3  
  176  10:16  Roach x5  
  176  10:20  Hydralisk x5  
  172  10:31  Drone x7  
  173  10:42  Drone x8  
  179  10:44  Extractor  
  179  10:45  Extractor  
  179  10:49  Spore Crawler, Hydralisk, Overlord  
  173  10:50  Hydralisk x5  
  173  10:52  Overseer  
  182  10:59  Zerg Missile Weapons Level 3  
  182  11:06  Viper x2  
  182  11:10  Hatchery  
  186  11:15  Adaptive Talons  
  184  11:19  Spore Crawler  
  183  11:25  Overseer  
  183  11:28  Overseer, Nydus Network  
  183  11:31  Lurker x2  
  184  11:35  Hydralisk  
  184  11:36  Hydralisk x2  
  165  11:47  Hydralisk x6  
  165  11:52  Hydralisk x3  
  161  12:04  Nydus Canal  
  161  12:08  Lurker x2  
  163  12:09  Drone x4  
  163  12:10  Drone  
  163  12:11  Drone x11  
  179  12:18  Hydralisk x2  
  179  12:20  Lurker x2  
  185  12:25  Hatchery  
  184  12:30  Lurker, Hydralisk x3  
  184  12:32  Extractor  
  190  12:44  Nydus Canal  
  178  13:00  Lurker x3  
  178  13:02  Hydralisk x8  
  189  13:14  Hydralisk x5  
  189  13:19  Hydralisk x2  
  193  13:22  Hydralisk  
  193  13:23  Hydralisk  
  181  13:28  Roach x5  
  189  13:37  Drone x3  
  189  13:41  Hydralisk  
  189  13:42  Hydralisk x4  
  199  13:51  Extractor  
  199  13:54  Hatchery  
  193  14:03  Nydus Canal  
  193  14:05  Lurker x5  
  193  14:07  Hatchery  
  193  14:08  Extractor  
  193  14:09  Overlord  
  196  14:17  Overlord  
  196  14:18  Overseer x2  
  196  14:19  Zerg Melee Weapons Level 1  
  196  14:23  Overlord  
  196  14:33  Nydus Canal  
  162  14:47  Hydralisk x5  
  162  14:48  Hydralisk x9  
  167  14:55  Hydralisk  
  169  15:03  Nydus Canal  
  169  15:06  Viper x2  
  178  15:10  Lurker x2  
  178  15:13  Drone  
  178  15:18  Lurker x3  
  178  15:20  Extractor x2  
  179  15:26  Hydralisk  
  179  15:27  Hydralisk x3  
  148  15:48  Lurker  
  148  15:49  Nydus Canal  
  146  15:54  Hydralisk x9  
  158  16:00  Drone x4  
  156  16:15  Hydralisk x6  
  152  16:19  Hatchery  
  148  16:26  Hydralisk x5  
  148  16:31  Nydus Canal  
  158  16:34  Lurker x2  
  157  16:48  Hydralisk x7  
  157  16:53  Nydus Canal  
  168  17:01  Drone x4  
  167  17:02  Drone x7  
  141  17:24  Nydus Canal  
  141  17:27  Hydralisk x12  
  152  17:34  Drone x6  
  158  17:37  Lurker x2  
  161  17:44  Lurker  
  161  17:47  Lurker  
  161  17:51  Drone x3  
  165  17:54  Lurker  
  165  17:55  Lurker  
  167  17:58  Overseer  
  167  18:03  Roach x7  
  162  18:17  Hydralisk x7  
  150  18:21  Hydralisk x2  
  150  18:24  Zergling x26  
  158  18:35  Hydralisk x5  
Show
View Real Time Build Order
Export as new Build Order

llllllllllll Terran - Winner!

Build Orders: Reaper Expand 

Get SALT Encoding   

  12  0:00  SCV  
  13  0:12  SCV  
  14  0:17  Supply Depot  
  14  0:25  SCV  
  15  0:38  SCV  
  15  0:40  Barracks  
  16  0:44  Refinery  
  16  0:50  SCV  
  17  1:02  SCV  
  18  1:15  SCV  
  19  1:27  Orbital Command, Reaper  
  20  1:38  Command Center  
  20  1:47  Supply Depot  
  20  1:53  SCV  
  21  1:59  Marine  
  22  2:06  SCV  
  22  2:08  Factory  
  23  2:18  SCV  
  23  2:21  Barracks Reactor  
  24  2:30  SCV  
  25  2:38  Command Center  
  25  2:42  SCV  
  26  2:51  Orbital Command  
  26  2:56  SCV, Barracks  
  27  3:08  SCV  
  27  3:11  Hellion x2  
  27  3:12  Barracks Tech Lab  
  32  3:17  SCV  
  32  3:19  Refinery  
  33  3:22  SCV  
  34  3:29  SCV  
  34  3:31  Marine, Stimpack  
  36  3:34  SCV  
  36  3:41  SCV  
  38  3:46  SCV  
  38  3:47  Starport  
  39  3:48  Marine  
  39  3:50  Marine x2  
  39  3:51  Orbital Command  
  39  3:53  SCV  
  39  3:54  Factory Reactor  
  43  3:58  SCV  
  44  4:05  SCV  
  44  4:06  Marine  
  44  4:08  Marine x2  
  48  4:10  SCV  
  48  4:11  Supply Depot  
  49  4:17  SCV x2  
  49  4:22  SCV  
  52  4:24  Marine  
  52  4:25  Marine  
  52  4:26  Marine  
  52  4:29  SCV  
  52  4:30  Supply Depot  
  57  4:32  Medivac x2, Orbital Command  
  57  4:35  SCV  
  57  4:36  Factory Tech Lab  
  61  4:42  Marine, Engineering Bay  
  61  4:43  Marine, Engineering Bay, SCV  
  64  4:46  Refinery  
  64  4:47  Marine, Refinery, SCV  
  66  4:55  SCV  
  66  4:58  Supply Depot  
  66  4:59  Siege Tank, SCV  
  71  5:00  Marine, SCV  
  71  5:01  Marine  
  71  5:05  Marine  
  75  5:08  SCV  
  75  5:11  SCV  
  77  5:15  Terran Infantry Weapons Level 1  
  77  5:20  Marine, SCV x2  
  77  5:21  Supply Depot x2  
  80  5:23  Marine, SCV  
  80  5:25  Combat Shield, Barracks  
  82  5:32  SCV  
  83  5:36  Marine  
  83  5:38  SCV  
  83  5:42  Siege Tank, SCV  
  89  5:43  Supply Depot  
  89  5:44  Supply Depot  
  89  5:47  Marine x2, SCV  
  89  5:49  Terran Infantry Armor Level 1  
  92  5:50  SCV  
  92  5:52  Barracks  
  92  5:54  SCV  
  92  5:55  Barracks  
  94  5:58  Marine  
  94  5:59  SCV  
  94  6:01  Medivac  
  94  6:02  SCV  
  99  6:04  Medivac  
  99  6:06  SCV  
  99  6:08  Marine x2, Supply Depot  
  103  6:11  SCV  
  103  6:14  SCV  
  103  6:15  Refinery  
  103  6:16  Marine, Barracks Reactor  
  103  6:17  Refinery  
  106  6:18  SCV  
  106  6:22  Siege Tank  
  106  6:24  SCV  
  111  6:26  Marine, SCV  
  111  6:31  SCV  
  114  6:35  Marine  
  114  6:36  SCV  
  114  6:39  SCV  
  117  6:43  SCV  
  118  6:47  Barracks Reactor, Armory  
  118  6:48  SCV  
  118  6:49  Barracks Reactor  
  118  6:51  SCV  
  118  6:52  Supply Depot  
  118  6:53  Command Center  
  120  6:59  SCV  
  120  7:00  SCV  
  122  7:02  Marine  
  122  7:03  Marine  
  124  7:13  Siege Tank  
  124  7:17  Marine  
  124  7:20  Marine x2  
  124  7:21  SCV  
  124  7:22  SCV  
  128  7:23  SCV  
  128  7:24  Marine x2  
  128  7:25  Factory, Supply Depot x2  
  131  7:30  Marine x2  
  131  7:31  Marine x2  
  131  7:34  Terran Infantry Weapons Level 2  
  131  7:35  Terran Vehicle Weapons Level 1  
  132  7:37  Marine  
  133  7:46  Marine x2, Medivac x2, Siege Tank  
  133  7:48  Marine  
  133  7:50  Supply Depot  
  142  7:51  Supply Depot  
  142  7:53  Marine  
  142  7:54  Marine x2  
  142  7:56  SCV x2  
  145  7:59  SCV  
  145  8:00  Marine x2  
  145  8:03  Missile Turret  
  145  8:04  Planetary Fortress, Missile Turret  
  148  8:05  Marine  
  148  8:08  SCV  
  148  8:10  Factory Tech Lab  
  150  8:13  SCV  
  150  8:17  Marine x4  
  150  8:18  Barracks  
  150  8:19  Marine, Barracks  
  155  8:21  Barracks  
  155  8:22  Liberator  
  155  8:23  Liberator, Terran Infantry Armor Level 2  
  155  8:26  SCV  
  157  8:27  Marine x2  
  157  8:30  Siege Tank  
  157  8:31  Siege Tank  
  157  8:34  Marine  
  166  8:35  Sensor Tower, SCV  
  173  8:42  Marine x3  
  176  8:50  Marine x2  
  176  8:51  Marine x2  
  176  8:55  Marine x2  
  181  9:03  Command Center  
  181  9:04  Marine x2  
  181  9:05  Refinery x2  
  181  9:07  Barracks Tech Lab  
  181  9:08  Barracks Tech Lab, Siege Tank  
  185  9:10  Siege Tank  
  185  9:16  Barracks Tech Lab  
  188  9:30  Marine  
  188  9:32  Command Center  
  188  9:33  Command Center  
  188  9:38  Fusion Core  
  188  9:40  Starport, Ghost Academy  
  188  9:47  Liberator x2  
  188  9:51  Marine x3  
  186  9:58  Marine  
  164  10:00  Marine x2  
  164  10:01  Marine x3, Marauder  
  164  10:02  Marauder  
  164  10:05  Siege Tank x2  
  164  10:06  Terran Infantry Weapons Level 3  
  172  10:21  Marine x3  
  162  10:22  Marauder x2  
  162  10:26  Starport Reactor  
  159  10:29  Marine x2, Liberator  
  159  10:30  Marauder  
  159  10:31  Marine x3  
  159  10:32  Marauder  
  159  10:34  Terran Vehicle Weapons Level 2  
  158  10:39  Marine  
  158  10:42  Ghost  
  155  10:43  Marauder, Personal Cloaking, Advanced Ballistics  
  155  10:44  Marine x2  
  155  10:49  Marine x2  
  164  10:50  Marine, Ghost  
  164  10:55  Marine, Ghost  
  164  10:56  Marine  
  164  10:57  Marine  
  170  10:58  Orbital Command, SCV  
  170  10:59  Orbital Command  
  170  11:03  Planetary Fortress, Ghost  
  172  11:06  Marine x2  
  172  11:07  Marine, Refinery  
  172  11:09  Refinery  
  177  11:14  Missile Turret  
  177  11:15  Terran Infantry Armor Level 3  
  177  11:17  Marine x3, Marauder  
  182  11:19  Liberator x2  
  182  11:29  Command Center  
  182  11:36  Liberator  
  170  11:53  Medivac  
  167  11:54  Marine  
  167  11:55  Ghost  
  167  11:56  Ghost  
  167  11:59  Ghost  
  170  12:03  Marine  
  170  12:04  Marine x3  
  171  12:16  Armory  
  171  12:18  Marine x2  
  171  12:19  Medivac x2  
  171  12:20  Siege Tank x2  
  183  12:22  Marine  
  183  12:23  Marine, Marauder  
  187  12:30  Command Center  
  187  12:33  Marine  
  187  12:46  Ghost x2  
  187  12:47  Missile Turret  
  187  12:48  Liberator x2  
  175  12:58  Ghost  
  175  12:59  Marine  
  175  13:00  Marine, Marauder  
  175  13:03  Marine  
  175  13:04  Marine, Liberator  
  169  13:15  Marauder  
  162  13:20  Marine x3  
  162  13:21  Marine x2, Marauder x2  
  162  13:22  Marine x2  
  162  13:23  Siege Tank x2  
  162  13:24  Liberator  
  169  13:27  Marine  
  169  13:28  Marine  
  169  13:30  Liberator  
  169  13:31  SCV x2  
  174  13:37  Marauder  
  174  13:38  Marine x3  
  174  13:40  Marine x2  
  180  13:46  Ghost Academy  
  183  13:49  Ghost x2  
  183  13:50  Marine  
  183  13:52  SCV  
  183  13:54  Marine  
  183  13:58  Ghost  
  183  14:00  Orbital Command  
  180  14:06  Terran Ship Weapons Level 1, Marine  
  180  14:07  Orbital Command  
  181  14:11  SCV  
  181  14:12  Siege Tank  
  181  14:16  Ghost  
  187  14:17  Marine x2, Medivac  
  187  14:18  Medivac  
  193  14:32  Refinery  
  193  14:33  Siege Tank  
  170  14:49  Ghost x2  
  170  14:50  Marine x3  
  170  14:52  Marine  
  174  14:54  Liberator  
  174  14:55  Planetary Fortress  
  174  14:58  Refinery  
  174  14:59  Refinery, Marine x2  
  178  15:00  Marauder  
  178  15:01  Medivac x2  
  178  15:02  Marine  
  183  15:08  Marine x3, Marauder  
  191  15:23  Marine x2, Marauder  
  195  15:28  Marine  
  195  15:29  Marine, Marauder  
  177  15:44  Marine x2, Liberator  
  177  15:45  Marauder  
  173  15:54  Marine x3, Marauder x2  
  173  15:56  Marine  
  175  15:57  Marine x2  
  175  15:58  Marauder  
  175  16:02  Marine x2  
  184  16:06  Marauder, Liberator  
  184  16:08  Command Center  
  186  16:11  Marine  
  186  16:12  Marine x2  
  186  16:15  Marine x2  
  186  16:16  Marauder  
  192  16:20  Marine  
  192  16:21  Marine, Marauder  
  192  16:23  Marine, Marauder  
  200  16:30  Medivac  
  200  16:46  Marine x2  
  195  16:47  Marauder  
  189  16:56  Marine  
  178  17:02  Marine  
  178  17:03  Marine, Marauder  
  178  17:04  Factory Tech Lab  
  178  17:08  Ghost x2  
  170  17:09  Liberator  
  170  17:14  Ghost  
  166  17:20  Marine x2  
  166  17:21  SCV  
  165  17:24  Ghost  
  165  17:28  Marine  
  165  17:29  Marine x2  
  170  17:33  Marine  
  170  17:34  SCV x2  
  170  17:36  Ghost  
  175  17:38  Marine  
  175  17:39  Marine  
  177  17:46  SCV  
  177  17:47  Nuke, SCV  
  177  17:48  Marine  
  180  17:55  Medivac x2  
  184  18:05  Liberator  
  160  18:16  Ghost x2  
  160  18:17  Marine  
  160  18:18  Marine x3  
  160  18:19  Marine, Marauder x2  
  143  18:21  Marine x2  
  149  18:27  SCV  
  149  18:28  SCV  
  147  18:38  Marine x2, SCV  
  147  18:40  Marauder x2  
  151  18:46  SCV  
  147  18:54  SCV  
Tags
 
Add a new tag
Caveats
  • Supply blocks, unpowered buildings, or Contaminate may cause inaccurate times.
  • Supply counts are checked every 10 seconds.